[Event "Titled Tuesday Blitz March 15 Early 2022"]
[White "Wong, Yinn Long"]
[Black "Atakhan, Abtin"]
[WhiteFideId "5707684"]
[BlackFideId "22502203"]
[WhiteElo "2055"]
[BlackElo "2119"]
[Result "0-1"]
[Round "11"]
[TimeControl "180+1"]
[Date "2022.03.15"]
[WhiteClock "0:00:03"]
[BlackClock "0:00:09"]

1. e4 c6 2. d4 d5 3. exd5 cxd5 4. Bd3 Nf6 5. c3 Bg4 6. Ne2 Nc6 7. Qd2 e6 8. Ng3 e5 9. dxe5 Nxe5 10. Bb5+ Bd7 11. Bxd7+ Qxd7 12. O-O Be7 13. Re1 Nc6 14. Qd3 O-O 15. Bg5 Rfe8 16. Nd2 Rad8 17. Nf5 Nh5 18. Nxe7+ Nxe7 19. Nf3 Rc8 20. Rad1 Ng6 21. Be3 Nhf4 22. Qf1 Qg4 23. Kh1 a6 24. Rd4 Qf5 25. Ng1 Re4 26. Red1 Rce8 27. Nf3 h5 28. Rxe4 dxe4 29. Nd4 Qg4 30. h3 Qh4 31. Nf5 Qf6 32. Nd6 Re7 33. Nc4 Kh7 34. Bd4 Qg5 35. Be3 Qf5 36. Nd6 Qf6 37. Rd4 Nh4 38. Nxe4 Rxe4 39. Rxe4 Nfxg2 40. Qe2 g6 41. Re8 Qc6 42. Kh2 Qxe8 43. Qd1 Qe5+ 44. Kg1 Nxe3 45. Qb3 Qg5+ 0-1


[Site "https://www.chess.com"]

[Event "Titled Tuesday Blitz March 15 Early 2022"]
[White "Yang, Kaiqi"]
[Black "Kanyamarala, Trisha"]
[WhiteFideId "8604398"]
[BlackFideId "45004722"]
[WhiteElo "2373"]
[BlackElo "2047"]
[Result "1-0"]
[Round "11"]
[TimeControl "180+1"]
[Date "2022.03.15"]
[WhiteClock "0:00:27"]
[BlackClock "0:00:07"]

1. e4 c5 2. Nc3 Nc6 3. Bb5 Nd4 4. Nf3 g6 5. O-O Bg7 6. Re1 e5 7. Bc4 Ne7 8. a4 O-O 9. Nxd4 cxd4 10. Nd5 d6 11. c3 Nc6 12. d3 Be6 13. Bd2 h6 14. b4 dxc3 15. Bxc3 Ne7 16. Qb3 Rc8 17. Rac1 a6 18. a5 Bxd5 19. Bxd5 Nxd5 20. Qxd5 Rc6 21. Bd2 Qc7 22. Rxc6 Qxc6 23. Rc1 Qxd5 24. exd5 Rb8 25. Be3 f5 26. Rc7 b5 27. axb6 f4 28. Bc5 dxc5 29. bxc5 Bf8 30. b7 a5 31. c6 a4 32. Rc8 a3 33. Rxb8 a2 34. Ra8 1-0


[Site "https://www.chess.com"]

[Event "Titled Tuesday Blitz March 15 Early 2022"]
[White "Yedidia, Daniel"]
[Black "Chen, Qi b"]
[WhiteFideId "30905907"]
[BlackFideId "8614733"]
[WhiteElo "2503"]
[BlackElo "2432"]
[Result "1/2-1/2"]
[Round "11"]
[TimeControl "180+1"]
[Date "2022.03.15"]
[WhiteClock "0:00:55"]
[BlackClock "0:00:03"]

1. d4 Nf6 2. c4 e6 3. Nc3 Bb4 4. e3 O-O 5. Bd3 c5 6. Ne2 cxd4 7. exd4 d5 8. O-O dxc4 9. Bxc4 b6 10. Bg5 Bb7 11. Rc1 Nbd7 12. a3 Be7 13. Ba2 h6 14. Bh4 Rc8 15. Qd3 Re8 16. Rfd1 Nf8 17. Bg3 Bd6 18. Be5 Ng6 19. Bxd6 Qxd6 20. Qg3 Qd7 21. Bb1 Ne7 22. Nf4 Ned5 23. Ncxd5 Bxd5 24. h3 Rxc1 25. Rxc1 Rc8 26. Rxc8+ Qxc8 27. Qc3 Qxc3 28. bxc3 Kf8 29. Kf1 Ke7 30. g3 Bc4+ 31. Ke1 g5 32. Ng2 Nd5 33. Kd2 Bf1 34. Be4 Bxg2 35. Bxg2 Kd6 36. Kd3 Nc7 37. Be4 e5 38. Bf5 exd4 39. cxd4 b5 40. Be4 a5 41. Kc3 Nd5+ 42. Kd3 Ne7 43. Kc3 f5 44. Bd3 Kc6 45. f4 gxf4 46. gxf4 Nd5+ 47. Kd2 Nxf4 48. Bxf5 Kd5 49. Ke3 Ng2+ 50. Kd3 Nf4+ 51. Ke3 Ng2+ 52. Kd3 Nf4+ 53. Ke3 1/2-1/2


[Site "https://www.chess.com"]

[Event "Titled Tuesday Blitz March 15 Early 2022"]
[White "Zong, Davis"]
[Black "Araujo Filho, Luiz Antonio Coel"]
[WhiteFideId "30903955"]
[BlackFideId "2130661"]
[WhiteElo "2061"]
[BlackElo "2201"]
[Result "0-1"]
[Round "11"]
[TimeControl "180+1"]
[Date "2022.03.15"]
[WhiteClock "0:00:03"]
[BlackClock "0:00:04"]

1. d4 f5 2. Nc3 d5 3. Nf3 Nf6 4. Bf4 c6 5. e3 g6 6. h4 h6 7. Ne5 Rg8 8. Be2 Nbd7 9. Qd2 Nxe5 10. dxe5 Ne4 11. Nxe4 fxe4 12. O-O-O Be6 13. f3 g5 14. hxg5 hxg5 15. Bg3 exf3 16. gxf3 Qb6 17. Kb1 O-O-O 18. Qd4 Qa5 19. Rd3 Kb8 20. Ra3 Qb6 21. Qd2 c5 22. Rb3 Qc7 23. Ba6 b6 24. Rd1 Bg7 25. f4 d4 26. Ra3 dxe3 27. Qe1 Rxd1+ 28. Qxd1 gxf4 29. Bxf4 Bxe5 30. Bxe3 Rd8 31. Rd3 Rxd3 32. Bxd3 Qd6 33. Qg1 Kc7 34. b3 c4 35. Be4 cxb3 36. axb3 Qa3 0-1